 Dungeon Crawl Stone Soup version 0.28.0 (webtiles) character file.

Game seed: 13525951333374389665

45635 Bricks the Blocker (level 14, -9/113 HPs)
             Began as a Gnoll Fighter on Feb 8, 2022.
             Was a Follower of Uskayaw.
             Mangled by an elephant (11 damage)
             ... on level 4 of the Lair of Beasts.
             The game lasted 01:08:32 (20290 turns).

Bricks the Blocker (Gnoll Fighter)                 Turns: 20290, Time: 01:08:33

Health: -9/113     AC: 15    Str: 26    XL:     14   Next: 34%
Magic:  0/27       EV: 13    Int:  8    God:    Uskayaw [*.....]
Gold:   982        SH: 11    Dex: 12    Spells: 31/31 levels left

rFire   . . .      SeeInvis +   a - +4 war axe (vorpal)
rCold   . . .      Faith    .   o - +0 kite shield
rNeg    . . .      Spirit   +   Z - +0 swamp dragon scales
rPois   +          Reflect  .   l - +2 hat {Will+}
rElec   .          Harm     .   (no cloak)
rCorr   .          Rampage  .   G - +0 pair of gloves
Will    ++...                   N - +0 pair of boots
Stlth   +++.......              K - amulet of guardian spirit
HPRegen 0.28/turn               v - +6 ring of strength
MPRegen 0.20/turn               F - ring of see invisible

@: no status effects
A: fangs 1, strong nose, distributed training
a: Renounce Religion, Stomp


You were on level 4 of the Lair of Beasts.
You worshipped Uskayaw.
Uskayaw was aware of your devotion.
You visited 2 branches of the dungeon, and saw 15 of its levels.

You collected 982 gold pieces.

Inventory:

Hand Weapons
 a - a +4 vorpal war axe (weapon)
 b - the +7 falchion "Piujy" {elec, rC+}
   (You found it on level 5 of the Dungeon)

   It occasionally discharges a powerful burst of electricity upon striking a
   foe.
   rC:        It protects you from cold.
 t - a +0 war axe
 z - a +1 demon blade of venom
 D - the +5 scythe "Finisher" {speed, eviscerate}
   (You found it on level 8 of the Dungeon)

   Attacks with this weapon are significantly faster.
   It may eviscerate those it strikes, slaying them instantly, with a decreasing
   chance against stronger foes.
 R - a +2 double sword of holy wrath
 V - a +3 mace of freezing
Missiles
 u - 28 poisoned darts (quivered)
 M - 15 javelins
Armour
 c - a +0 buckler
 i - the +1 ring mail "Japteon" {rN+ Will+}
   (You found it on level 8 of the Dungeon)

   rN:        It protects you from negative energy.
   Will:      It increases your willpower.
 j - a +2 helmet
 l - a +2 hat of willpower (worn)
 o - a +0 kite shield (worn)
 r - a +0 scale mail
 y - a +0 chain mail
 G - a +0 pair of gloves (worn)
 I - a +0 plate armour
 N - a +0 pair of boots (worn)
 Q - +0 acid dragon scales
 Z - +0 swamp dragon scales (worn)
Magical Staves
 e - a staff of air
Jewellery
 g - an amulet of magic regeneration
 v - a +6 ring of strength (left hand)
 F - a ring of see invisible (right hand)
 K - an amulet of guardian spirit (around neck)
 L - a ring of positive energy
 U - a ring of fire
 X - the amulet "Raust" {RegenMP rF++ Slay-6}
   (You found it on level 1 of the Lair of Beasts)

   [amulet of magic regeneration]

   It increases your rate of magic regeneration.
   Slay:      It affects your accuracy & damage with ranged weapons and melee
   (-6).
   rF:        It greatly protects you from fire.
Wands
 k - a wand of mindburst (13)
 q - a wand of digging (8)
 A - a wand of iceblast (13)
 P - a wand of charming (4)
 T - a wand of paralysis (8)
 Y - a wand of polymorph (2)
Scrolls
 f - 2 scrolls of fog
 h - 5 scrolls of teleportation
 n - a scroll of enchant armour
 p - a scroll of summoning
 x - 2 scrolls of fear
 C - 4 scrolls of immolation
 J - 5 scrolls of amnesia
 O - 3 scrolls of enchant weapon
 S - 3 scrolls of identify
Potions
 d - 7 potions of curing
 m - 2 potions of berserk rage
 s - 5 potions of mutation
 w - 2 potions of heal wounds {unknown}
 B - 2 potions of lignification {unknown}
 H - a potion of ambrosia {unknown}
Miscellaneous
 W - a condenser vane


   Skills:
 + Level 11.2 Fighting
 + Level 9.1 Short Blades
 + Level 9.1 Long Blades
 + Level 10.2 Axes
 + Level 9.1 Maces & Flails
 + Level 9.1 Polearms
 + Level 9.1 Staves
 + Level 9.1 Slings
 + Level 9.1 Bows
 + Level 9.1 Crossbows
 + Level 9.1 Throwing
 + Level 11.2 Armour
 + Level 9.1 Dodging
 + Level 9.1 Stealth
 + Level 11.2 Shields
 + Level 9.1 Unarmed Combat
 + Level 9.1 Spellcasting
 + Level 7.6 Conjurations
 + Level 7.6 Hexes
 + Level 7.6 Summonings
 + Level 7.6 Necromancy
 + Level 7.6 Translocations
 + Level 7.6 Transmutations
 + Level 7.6 Fire Magic
 + Level 7.6 Ice Magic
 + Level 7.6 Air Magic
 + Level 7.6 Earth Magic
 + Level 7.6 Poison Magic
 + Level 10.0 Invocations
 + Level 9.1 Evocations


You had 31 spell levels left.
You didn't know any spells.
Your spell library contained the following spells:

 Spells                   Type           Power      Damage    Failure   Level
 Animate Skeleton         Necr           30%        N/A       2%          1
 Apportation              Tloc           30%        N/A       2%          1
 Summon Small Mammal      Summ           60%        N/A       2%          1
 Corpse Rot               Necr/Air       30%        N/A       3%          2
 Poisonous Vapours        Pois/Air       30%        N/A       3%          2
 Static Discharge         Conj/Air       15%        N/A       3%          2
 Confusing Touch          Hex            15%        N/A       6%          3
 Conjure Flame            Conj/Fire      15%        6-21      6%          3
 Ignite Poison            Fire/Tmut/Pois 15%        N/A       6%          3
 Inner Flame              Hex/Fire       15%        N/A       6%          3
 Tukima's Dance           Hex            15%        N/A       6%          3
 Anguish                  Hex/Necr       7%         N/A       22%         4
 Cause Fear               Hex            7%         N/A       22%         4
 Dispel Undead            Necr           15%        3d10      22%         4
 Sticky Flame             Conj/Fire      15%        2d4       22%         4
 Yara's Violent Unravell  Hex/Tmut       7%         3d5       52%         5
 Death Channel            Necr           7%         N/A       97%         6
 Enfeeble                 Hex            7%         N/A       100%        7
 Discord                  Hex            7%         N/A       100%        8


Dungeon Overview and Level Annotations

Branches:
Dungeon (11/15)            Temple (0/1) D:6            Lair (4/6) D:11
  Swamp (0/4) Lair:3        Snake (0/4) Lair:4
    Orc: D:9-12

Altars:
Cheibriados
Dithmenos
Elyvilon
Kikubaaqudgha
Uskayaw
Vehumet
Wu Jian
Xom
Zin

Shops:
D:7 *   D:9 !


Innate Abilities, Weirdness & Mutations

You have very sharp teeth.
Your uncanny sense of smell can sniff out nearby items.
Your experience applies equally to all skills.


Message History

You hit the elephant but do no damage. The elephant tramples you.
* * * LOW HITPOINT WARNING * * *
You hold your ground!
The elephant completely misses you. The elephant tramples you!
* * * LOW HITPOINT WARNING * * *
You hold your ground!
The elephant trunk-slaps you but does no damage.
Okay, then.
Okay, then.
Aiming: Mindburst
Press: ? - help, Shift-Dir - straight line, f - elephant
Aim: an elephant (severely wounded, chance to affect: 62%)
Okay, then.
Okay, then.
Blink to where?
Press: ? - help, Dir - move target
As you read the scroll of blinking, it crumbles to dust.
There is an escape hatch in the ceiling here.
You hear the steady crackling of a very distant melting archway.
You can no longer pass through a line of other dancers.
Aiming: Iceblast
Press: ? - help, Shift-Dir - straight line The mass of ice explodes!
The iceblast engulfs the elephant!
The elephant is heavily wounded.
The iceblast engulfs the elephant!
The elephant is severely wounded.
You can now pass through a line of other dancers.
You stomp with the beat, sending a shockwave through the revellers around you!
The elephant is almost dead.
The elephant is severely wounded.
You can no longer pass through a line of other dancers.
You block the elephant's attack.
The elephant trunk-slaps you but does no damage.
You block the elephant's attack. x2
You hit the elephant.
The elephant is almost dead.
You slash the elephant! The elephant tramples you!
* * * LOW HITPOINT WARNING * * *
You stumble backwards!
The elephant tramples you!
You die...

##.# # ##...# ##
###...# .# ##....P#
.#### ###....##
..#.####.......##
....##..........##
..†...<##......Y.##
..$...###......Y@.#
...P### ##........#
.#.## ###.....##
..## ###..... ..
.#...## .. ###...#
.. #..## ####


You could see 2 elephants.

Vanquished Creatures
  Gastronok (Lair:3)
  Josephine (D:11)
  4 boulder beetles
  3 hydras
  4 death yaks (Lair:2)
  4 two-headed ogres
  Urug (D:11)
  Sonja (Lair:2)
  A skeletal warrior (D:8)
  2 bog bodies (Lair:3)
  A deep elf archer (D:9)
  A wizard (D:11)
  Pikel (D:6)
  2 ugly things (D:9)
  2 manticores (D:9)
  4 elephants (Lair:4)
  2 cyclopes
  4 black mambas
  Maggie (Lair:2)
  14 cane toads
  Psyche (D:8)
  2 komodo dragons
  6 trolls
  3 blink frogs (Lair:2)
  Grinder (D:4)
  6 slime creatures
  9 wraiths
  7 wyverns
  4 basilisks
  3 fire bats (Lair:2)
  37 yaks
  8 vampire mosquitoes
  Menkaure (D:4)
  2 steam dragons
  A swamp worm (Lair:3)
  2 acid dragons (D:11)
  A naga (Lair:4)
  8 water moccasins
  5 orc warriors
  A sky beast (D:8)
  A hornet zombie (D:8)
  A necrophage (D:8)
  An ogre (D:4)
  17 wolves
  2 centaurs
  4 lemures (D:6)
  2 phantoms
  3 kobold brigands
  11 bullfrogs
  2 gnoll sergeants
  4 scorpions
  A water moccasin skeleton (D:5)
  3 killer bees (D:9)
  5 wights
  4 electric eels (Lair:3)
  A howler monkey (D:6)
  5 centaur zombies
  8 hounds
  3 jellies
  2 centaur skeletons
  2 gnoll shamans
  An iron imp (D:10)
  Ijyb (D:3)
  Jessica (D:2)
  2 iguanas
  6 orc wizards
  3 howler monkey zombies
  Robin (D:2)
  A howler monkey skeleton (D:5)
  20 gnolls
  5 adders
  3 white imps
  A worm (D:2)
  3 dart slugs
  18 orcs
  6 endoplasms
  3 giant cockroaches
  14 goblins
  14 hobgoblins
  8 jackals
  5 quokkas (D:4)
  5 ball pythons
  4 bats
  2 frilled lizards
  6 kobolds
  A rat (D:2)
378 creatures vanquished.

Vanquished Creatures (collateral kills)
  Harold (D:11)
1 creature vanquished.

Vanquished Creatures (others)
  24 fungi
  27 plants
51 creatures vanquished.

Grand Total: 430 creatures vanquished

Notes
Turn   | Place    | Note
-------+----------+-------------------------------------------
     0 | D:1      | Bricks the Gnoll Fighter began the quest for the Orb.
     0 | D:1      | Reached XP level 1. HP: 23/23 MP: 1/1
   259 | D:1      | Reached XP level 2. HP: 29/29 MP: 2/2
   579 | D:2      | Noticed Robin
   583 | D:2      | Reached XP level 3. HP: 35/35 MP: 3/3
   594 | D:2      | Killed Robin
   595 | D:2      | Reached skill level 1 in Invocations
   768 | D:2      | Reached skill level 1 in Short Blades
   768 | D:2      | Reached skill level 1 in Long Blades
   768 | D:2      | Reached skill level 1 in Maces & Flails
   768 | D:2      | Reached skill level 1 in Polearms
   768 | D:2      | Reached skill level 1 in Staves
   768 | D:2      | Reached skill level 1 in Slings
   768 | D:2      | Reached skill level 1 in Bows
   768 | D:2      | Reached skill level 1 in Crossbows
   768 | D:2      | Reached skill level 1 in Throwing
   768 | D:2      | Reached skill level 1 in Dodging
   768 | D:2      | Reached skill level 1 in Stealth
   768 | D:2      | Reached skill level 1 in Unarmed Combat
   768 | D:2      | Reached skill level 1 in Spellcasting
   768 | D:2      | Reached skill level 1 in Evocations
   768 | D:2      | Reached XP level 4. HP: 38/41 MP: 5/5
   872 | D:2      | Noticed Jessica
   879 | D:2      | Killed Jessica
   880 | D:2      | Reached skill level 1 in Conjurations
   880 | D:2      | Reached skill level 1 in Hexes
   880 | D:2      | Reached skill level 1 in Summonings
   880 | D:2      | Reached skill level 1 in Necromancy
   880 | D:2      | Reached skill level 1 in Translocations
   880 | D:2      | Reached skill level 1 in Transmutations
   880 | D:2      | Reached skill level 1 in Fire Magic
   880 | D:2      | Reached skill level 1 in Ice Magic
   880 | D:2      | Reached skill level 1 in Air Magic
   880 | D:2      | Reached skill level 1 in Earth Magic
   880 | D:2      | Reached skill level 1 in Poison Magic
  1062 | D:2      | Found a shimmering altar of Xom.
  1197 | D:2      | Reached XP level 5. HP: 38/47 MP: 6/6
  1420 | D:2      | Found a faded altar of an unknown god.
  1426 | D:2      | Prayed at the altar of an unknown god.
  1426 | D:2      | Became a worshipper of Uskayaw the Reveller
  1426 | D:2      | Reached * piety under Uskayaw
  1709 | D:3      | Noticed Ijyb
  1716 | D:3      | Reached ** piety under Uskayaw
  1727 | D:3      | Killed Ijyb
  2001 | D:3      | Reached XP level 6. HP: 43/53 MP: 8/8
  2002 | D:3      | Reached *** piety under Uskayaw
  2006 | D:3      | Reached **** piety under Uskayaw
  2393 | D:3      | You fall into a shaft and drop 2 floors!
  2393 | D:5      | Entered Level 5 of the Dungeon
  2427 | D:5      | Found a white marble altar of Elyvilon.
  2450 | D:5      | Reached skill level 5 in Axes
  2597 | D:4      | Noticed Menkaure
  2614 | D:4      | Killed Menkaure
  2615 | D:4      | Reached XP level 7. HP: 7/59 MP: 10/10
  3121 | D:4      | Noticed Grinder
  3643 | D:4      | Killed Grinder
  3746 | D:4      | Reached XP level 8. HP: 58/67 MP: 12/12
  5151 | D:5      | Identified the +7 falchion "Piujy" {elec, rC+}
  5156 | D:5      | Found a radiant altar of Vehumet.
  5592 | D:6      | Noticed Pikel
  5603 | D:6      | Killed Pikel
  5604 | D:6      | Reached XP level 9. HP: 55/73 MP: 14/14
  5685 | D:6      | Found a staircase to the Ecumenical Temple.
  6275 | D:7      | Found a shadowy altar of Dithmenos.
  6605 | D:7      | Found Afaukk's Assorted Antiques.
  6703 | D:7      | Found an ornate altar of the Wu Jian Council.
  6723 | D:7      | Found an ancient bone altar of Kikubaaqudgha.
  6937 | D:8      | Found a hide-covered altar of Uskayaw.
  7030 | D:8      | Identified the +1 ring mail "Japteon" {rN+ Will+}
  7174 | D:8      | Noticed Psyche
  7187 | D:8      | Killed Psyche
  7188 | D:8      | Reached skill level 5 in Invocations
  7685 | D:8      | Noticed an angel
  7686 | D:8      | Found a glowing silver altar of Zin.
  7687 | D:8      | Found a shimmering altar of Xom.
  7765 | D:8      | Noticed a skeletal warrior
  7765 | D:8      | Found the +5 scythe "Finisher" {speed, eviscerate}
  7879 | D:7      | Reached XP level 10. HP: 47/80 MP: 17/17
  8110 | D:8      | Reached skill level 5 in Short Blades
  8110 | D:8      | Reached skill level 5 in Long Blades
  8110 | D:8      | Reached skill level 5 in Maces & Flails
  8110 | D:8      | Reached skill level 5 in Polearms
  8110 | D:8      | Reached skill level 5 in Staves
  8110 | D:8      | Reached skill level 5 in Slings
  8110 | D:8      | Reached skill level 5 in Bows
  8110 | D:8      | Reached skill level 5 in Crossbows
  8110 | D:8      | Reached skill level 5 in Throwing
  8110 | D:8      | Reached skill level 5 in Dodging
  8110 | D:8      | Reached skill level 5 in Stealth
  8110 | D:8      | Reached skill level 5 in Unarmed Combat
  8110 | D:8      | Reached skill level 5 in Spellcasting
  8110 | D:8      | Reached skill level 5 in Evocations
  8136 | D:8      | Killed a skeletal warrior
  8673 | D:9      | Noticed a two-headed ogre
  8701 | D:9      | Killed a two-headed ogre
  9247 | D:9      | Noticed a red ugly thing
  9249 | D:9      | Noticed a cyclops
  9250 | D:9      | Noticed a manticore
  9251 | D:9      | Noticed a manticore
  9251 | D:9      | Noticed a white ugly thing
  9252 | D:9      | Killed a red ugly thing
  9253 | D:9      | Killed a cyclops
  9254 | D:9      | Killed a manticore
  9254 | D:9      | Killed a manticore
  9254 | D:9      | Reached ***** piety under Uskayaw
  9255 | D:9      | Reached skill level 5 in Conjurations
  9255 | D:9      | Reached skill level 5 in Hexes
  9255 | D:9      | Reached skill level 5 in Summonings
  9255 | D:9      | Reached skill level 5 in Necromancy
  9255 | D:9      | Reached skill level 5 in Translocations
  9255 | D:9      | Reached skill level 5 in Transmutations
  9255 | D:9      | Reached skill level 5 in Fire Magic
  9255 | D:9      | Reached skill level 5 in Ice Magic
  9255 | D:9      | Reached skill level 5 in Air Magic
  9255 | D:9      | Reached skill level 5 in Earth Magic
  9255 | D:9      | Reached skill level 5 in Poison Magic
  9255 | D:9      | Reached XP level 11. HP: 89/89 MP: 18/20
  9255 | D:9      | Killed a white ugly thing
  9277 | D:9      | Noticed a two-headed ogre
  9293 | D:9      | Killed a two-headed ogre
  9309 | D:9      | Noticed a boulder beetle
  9321 | D:9      | Killed a boulder beetle
  9323 | D:9      | Noticed a deep elf archer
  9337 | D:9      | Killed a deep elf archer
 10350 | D:9      | Found Kosaph's Distillery.
 10757 | D:10     | Entered Level 10 of the Dungeon
 11055 | D:10     | Found a snail-covered altar of Cheibriados.
 11186 | D:10     | Noticed a two-headed ogre
 11198 | D:10     | Killed a two-headed ogre
 11199 | D:10     | Reached XP level 12. HP: 78/96 MP: 17/22
 11794 | D:11     | Noticed a two-headed ogre
 11802 | D:11     | Killed a two-headed ogre
 12092 | D:11     | Found a staircase to the Lair.
 12129 | D:11     | Noticed Josephine
 12140 | D:11     | Killed Josephine
 12481 | D:11     | Reached skill level 10 in Fighting
 12481 | D:11     | Reached skill level 10 in Armour
 12481 | D:11     | Reached skill level 10 in Shields
 12551 | D:11     | Noticed Urug
 12561 | D:11     | Killed Urug
 12657 | D:11     | Noticed a boulder beetle
 12669 | D:11     | Killed a boulder beetle
 12810 | D:11     | Found a shimmering altar of Xom.
 12813 | D:11     | Found a shimmering altar of Xom.
 12816 | D:11     | Found a shimmering altar of Xom.
 12819 | D:11     | Found a shimmering altar of Xom.
 13345 | D:11     | Noticed Harold
 13361 | D:11     | Killed Harold
 13543 | Lair:1   | Entered Level 1 of the Lair of Beasts
 13710 | Lair:1   | Reached XP level 13. HP: 62/103 MP: 20/24
 14860 | Lair:1   | Identified the amulet "Raust" {RegenMP rF++ Slay-6}
 16275 | Lair:2   | Noticed Maggie
 16284 | Lair:2   | Killed Maggie
 17302 | Lair:2   | Noticed Sonja
 17307 | Lair:2   | Killed Sonja
 18799 | Lair:3   | Found a staircase to the Swamp.
 18809 | Lair:3   | Reached skill level 10 in Axes
 18813 | Lair:3   | Reached XP level 14. HP: 53/113 MP: 12/26
 19517 | Lair:3   | Noticed Gastronok
 19534 | Lair:3   | Killed Gastronok
 20248 | Lair:4   | Found a staircase to the Snake Pit.
 20272 | Lair:4   | Reached skill level 10 in Invocations
 20290 | Lair:4   | HP: 2/113 [elephant (8)]
 20290 | Lair:4   | Mangled by an elephant

Illustrated notes

Levels and vault maps discovered:
D:1:      onia_arrival_pentagram, layout_rooms
D:2:      layout_rooms, dreamdust_ecumenical_altar_angels_and_demons,
          basic_altar, uniq_robin, uniq_jessica
D:3:      layout_loops_ring, uniq_ijyb
D:4:      layout_gridville, uniq_grinder, uniq_menkaure
D:5:      layout_loops_ring, mainiacjoe_overflow_tiny_flanked,
          general_overflow_altar
D:6:      layout_loops_cross, minmay_temple_entry_grid, st_stairs_14, uniq_pikel
D:7:      layout_loops_ring, pdpol_wu_jian_five_deadly_venoms,
          grunt_dithmenos_shadows, lemuel_doored_altar, serial_shops,
          nicolae_shop_hallway_stairs, corner_web_ring, feat_on_display
D:8:      layout_gridville, grunt_temple_overflow_order_and_chaos_1,
          mainiacjoe_overflow_surrounded_room, ebering_dispersal_statue_hall,
          minivault_10, minmay_guarded_unrand_finisher, uniq_psyche
D:9:      minmay_the_grid_4x2 [minmay_the_grid_garden,
          minmay_the_grid_zigzag_pyramid, minmay_the_grid_plusring,
          minmay_the_grid_minigrid_small_alt, minmay_the_grid_odd_star,
          minmay_the_grid_minigrid_small, minmay_the_grid_eight,
          minmay_the_grid_prize_four_corners], layout_loops_corners,
          serial_shops, shop
D:10:     layout_roguey, slow_altar_1, minmay_puff
D:11:     layout_irregular_city, erik_lair_island, serial_column_ruins,
          column_ruins_hut_ruined, column_ruins_open_small,
          column_ruins_columns_plus, column_ruins_open_medium,
          column_ruins_columns_dead_end, column_ruins_open_large,
          column_ruins_open_large, column_ruins_grid_2, xom_redecorated,
          uniq_harold, uniq_urug, uniq_josephine
Lair:1:   layout_regular_city, nzn_sisyphean_effort
Lair:2:   layout_gridlike, nicolae_volcano_entry_batcave, uniq_sonja,
          uniq_maggie
Lair:3:   layout_layer_cave, nicolae_swamp_entry_splash_gauntlet,
          lemuel_fruit_tree, lemuel_fruit_fields, infiniplex_staircase_pool,
          serial_bayou_shore_a, uniq_gastronok
Lair:4:   layout_cave_pods, guppyfry_snake_entry_garden,
          portal_ice_cave_entry_animals_and_master

Skill      XL: |  1  2  3  4  5  6  7  8  9 10 11 12 13 14 |
---------------+-------------------------------------------+-----
Invocations    | 1 2 3 4 5 6 7 8 9 10 | 10.0
Short Blades   | 1 2 3 4 6 7 8 9 |  9.1
Long Blades    | 1 2 3 4 6 7 8 9 |  9.1
Maces & Flails | 1 2 3 4 6 7 8 9 |  9.1
Polearms       | 1 2 3 4 6 7 8 9 |  9.1
Staves         | 1 2 3 4 6 7 8 9 |  9.1
Slings         | 1 2 3 4 6 7 8 9 |  9.1
Bows           | 1 2 3 4 6 7 8 9 |  9.1
Crossbows      | 1 2 3 4 6 7 8 9 |  9.1
Throwing       | 1 2 3 4 6 7 8 9 |  9.1
Dodging        | 1 2 3 4 6 7 8 9 |  9.1
Stealth        | 1 2 3 4 6 7 8 9 |  9.1
Unarmed Combat | 1 2 3 4 6 7 8 9 |  9.1
Spellcasting   | 1 2 3 4 6 7 8 9 |  9.1
Evocations     | 1 2 3 4 6 7 8 9 |  9.1
Conjurations   | 1 2 3 4 5 6 7 |  7.6
Hexes          | 1 2 3 4 5 6 7 |  7.6
Summonings     | 1 2 3 4 5 6 7 |  7.6
Necromancy     | 1 2 3 4 5 6 7 |  7.6
Translocations | 1 2 3 4 5 6 7 |  7.6
Transmutations | 1 2 3 4 5 6 7 |  7.6
Fire Magic     | 1 2 3 4 5 6 7 |  7.6
Ice Magic      | 1 2 3 4 5 6 7 |  7.6
Air Magic      | 1 2 3 4 5 6 7 |  7.6
Earth Magic    | 1 2 3 4 5 6 7 |  7.6
Poison Magic   | 1 2 3 4 5 6 7 |  7.6
Axes           | 5 6 7 8 9 10 | 10.2
Fighting       | 7 8 9 10 11 | 11.2
Armour         | 7 8 9 10 11 | 11.2
Shields        | 7 8 9 10 11 | 11.2

Action                   |  1- 3 |  4- 6 |  7- 9 | 10-12 | 13-15 || total
-------------------------+-------+-------+-------+-------+-------++-------
Melee: War axe           |    70 |   138 |    55 |    42 |   128 ||   433
       Bite              |     5 |    17 |    34 |    40 |    49 ||   145
       Demon blade       |       |       |    76 |       |       ||    76
       Falchion          |       |       |   136 |   290 |   187 ||   613
       Mace              |       |       |       |       |    42 ||    42
Throw: Javelin           |       |     2 |     1 |     9 |    13 ||    25
       Dart              |       |       |     6 |    79 |    39 ||   124
       Throwing net      |       |       |       |     2 |     2 ||     4
Invok: Stomp             |       |     2 |     1 |    14 |    15 ||    32
       Line Pass         |       |       |       |     1 |     5 ||     6
Evoke: Wand              |       |       |     2 |    16 |     2 ||    20
  Use: Scroll            |       |     2 |    15 |     3 |     2 ||    22
       Potion            |       |     1 |       |       |     1 ||     2
 Stab: Paralysed         |       |     1 |     3 |    29 |    43 ||    76
       Betrayed ally     |       |       |       |     1 |       ||     1
       Sleeping          |       |       |       |       |     4 ||     4
       Confused          |       |       |       |       |     3 ||     3
Armor: Scale mail        |    34 |    68 |    57 |       |       ||   159
       Chain mail        |       |       |    36 |       |       ||    36
       Ring mail         |       |       |    14 |   132 |    47 ||   193
       Swamp dragon scal |       |       |       |       |    98 ||    98
Dodge: Dodged            |    32 |    47 |   109 |   173 |   203 ||   564
Block: Buckler           |    24 |    39 |    64 |    44 |       ||   171
       Kite shield       |       |       |       |   111 |   216 ||   327
